 Dungeon Crawl Stone Soup version 0.30-b1-2-g02819fbbbe (webtiles) character file.

Game seed: 16840147724624477111

66 Koushar the Ducker (level 3, 0/15 HPs)
             Began as a Felid Transmuter on June 15, 2023.
             Was an Initiate of Gozag.
             Succumbed to an adder's poison
             ... on level 2 of the Dungeon.
             The game lasted 00:16:42 (1262 turns).

Koushar the Ducker (Felid Transmuter)               Turns: 1262, Time: 00:16:43

Health: 0/15       AC:  1    Str:  6    XL:     3   Next: 96%
Magic:  6/7        EV: 18    Int: 16    God:    Gozag
Gold:   272        SH:  0    Dex: 16    Spells: 2/6 levels left
                                        Lives:  0   Deaths: 0

rFire   . .          .
                       - Unarmed
rCold   . . .        (shield unavailable)
rNeg    . . .        (body armour unavailable)
rPois   .            (helmet unavailable)
rElec   .            (cloak unavailable)
rCorr   .            (gloves unavailable)
SInv    +            (boots unavailable)
Will    .....        (no amulet)
Stlth   ++           (no ring)
HPRegen 0.22/turn    (no ring)
MPRegen 0.10/turn

%: no passive effects
@: lethally poisoned (0 -> -6), appendages, quick
A: horns 2, very small, claws 1, fangs 3, see invisible, speed 1, shaggy fur 1,
stealthy paws, no weapons or thrown items, no armour, multi-lived
a: End Transformation, Renounce Religion, Potion Petition, Call Merchant, Bribe
Branch


You were on level 2 of the Dungeon.
You worshipped Gozag.
Gozag was aware of your devotion.
You had temporarily grown beastly horns.
You visited 1 branch of the dungeon, and saw 3 of its levels.

You collected 272 gold pieces.

Inventory:

Scrolls
 b - 2 scrolls of fear {unknown}
 d - 3 scrolls of teleportation {unknown}
 e - a scroll of immolation {unknown}
 f - a scroll of identify {unknown}
Potions
 a - a potion of lignification
 c - a potion of might {unknown}
 g - a potion of invisibility {unknown}


   Skills:
 - Level 1.0 Fighting
 + Level 3.9 Dodging
 + Level 2.9 Stealth
 + Level 3.7 Unarmed Combat
 - Level 2.0 Spellcasting
 - Level 2.1 Transmutations


You had 2 spell levels left.
You knew the following spells:

 Your Spells              Type           Power      Damage    Failure   Level
a - Beastly Appendage     Tmut           16%        N/A       9%          1
b - Spider Form           Tmut/Pois      5%         N/A       36%         3

Your spell library contained the following spells:

 Spells                   Type           Power      Damage    Failure   Level
 Wereblood                Tmut           8%         N/A       13%         2
 Kiss of Death            Conj/Necr      4%         2d5       21%         1
 Call Canine Familiar     Summ           1%         N/A       52%         3
 Confusing Touch          Hex            1%         N/A       52%         3
 Ice Form                 Ice/Tmut       5%         N/A       78%         4
 Dispel Undead            Necr           1%         3d6       90%         4
 Leda's Liquefaction      Hex/Erth       0%         N/A       90%         4
 Portal Projectile        Hex/Tloc       Unusable   N/A       N/A         3

Dungeon Overview and Level Annotations

Branches:
Dungeon (3/15)

Altars:
Gozag

Annotations:
D:2 Terence


Innate Abilities, Weirdness & Mutations

You have temporarily grown beastly horns.
You have sharp claws.
You have razor-sharp teeth.
You have supernaturally acute eyesight. (SInv)
You cover ground quickly. (Speed+)
You are covered in fur. (AC +1)
Your paws help you pounce on unaware monsters.
You are incapable of wielding weapons or throwing items.
You cannot wear armour.
You gain extra lives every three experience levels.


Message History

You scratch the adder.
You kill the adder!
You feel sick.
The adder is distracted by your dazzling golden aura.
You scratch the rat.
The rat is severely wounded.
You feel sick. The rat barely misses you.
You closely miss the rat.
The rat is severely wounded.
You feel sick. The rat misses you.
You scratch the rat.
You kill the rat!
You feel sick.
You barely miss the rat.
You feel sick.
The rat is distracted by your dazzling golden aura.
You scratch the rat.
You kill the rat!
You feel sick.
You are no longer poisoned.
You are too injured to fight recklessly!
You grow a pair of large bovine horns.
You completely miss the adder. The adder misses you.
You barely miss the adder. The adder misses you.
You barely miss the adder. Your bite misses the adder. The adder bites you.
You are poisoned.
The adder poisons you!
You scratch the adder.
The adder is heavily wounded.
You feel sick. The adder bites you.
* * * LOW HITPOINT WARNING * * *
You are lethally poisoned!
The adder poisons you! The adder barely misses you.
You miss the adder.
The adder is heavily wounded.
* * * LOW HITPOINT WARNING * * *
You feel sick. The adder misses you.
You scratch the adder. You bite the adder, but do no damage.
The adder is almost dead.
You die...
Your body crumbles into a pile of gold.

#......# .....##.#.#S#.#
#.####.# #.##?...#.....
#.####.####.##.##.#.#.##.###
#.#.......#.##.##..$=..r....
#.#.##.........##.#$##.###.#
##.#.##.##.#....##.#.##.###.
........##.#..#.............
......#.##..........####...#
......#.####..#.@S..# ..
#######.####..#.....#
#.......####### #.......#
#........# ##.#.......#
####.##........
......#.......#
..####........#


You could see an adder.

Vanquished Creatures
  2 adders (D:2)
  A dart slug (D:1)
  An endoplasm (D:1)
  2 giant cockroaches (D:1)
  6 goblins
  4 hobgoblins
  2 jackals (D:2)
  4 kobolds (D:1)
  3 quokkas
  6 ball pythons
  4 bats
  2 frilled lizards (D:2)
  7 rats
44 creatures vanquished.

Notes
Turn   | Place    | Note
-------+----------+-------------------------------------------
     0 | D:1      | Koushar the Felid Transmuter began the quest for the Orb.
     0 | D:1      | Reached XP level 1. HP: 9/9 MP: 4/4
   102 | D:1      | Reached skill level 1 in Stealth
   126 | D:1      | Reached XP level 2. HP: 12/12 MP: 4/6
   226 | D:1      | Found a faded altar of an unknown god.
   235 | D:1      | Prayed at the altar of an unknown god.
   235 | D:1      | Became a worshipper of Gozag Ym Sagoz the Greedy
   518 | D:1      | Reached XP level 3. HP: 15/15 MP: 7/7
   532 | D:1      | Learned a level 3 spell: Spider Form
   901 | D:2      | You fall into a shaft and drop 1 floor!
  1222 | D:2      | Noticed Terence
  1262 | D:2      | Succumbed to an adder's poison

Illustrated notes

Levels and vault maps discovered:
D:1:      heliophobic_arrival_henge, layout_rooms,
          shapermc_ecumenical_altar_mp_vishouse
D:2:      layout_loops_cross, minmay_diced_spiral, uniq_terence
D:3:      layout_basic, minmay_fractal_squares_gapless_5

Skill      XL: |  1  2 |
---------------+-------+-----
Dodging        | 3 |  3.9
Stealth        | 1 2 |  2.9
Fighting       | |  1.0
Unarmed Combat | |  3.7
Spellcasting   | |  2.0
Transmutations | |  2.1

Action                     || total
---------------------------++-------
  Melee: Unarmed           ||   125
         Headbutt          ||     8
         Bite              ||     6
   Cast: Beastly Appendage ||    13
   Stab: Sleeping          ||     6
 Armour: Skin              ||     4
  Dodge: Dodged            ||    84
